 Dungeon Crawl Stone Soup version 0.31-a0-1001-g770356a (webtiles) character file.

Game seed: 8601832692276026717

2 PurpleRed the Sneak (level 1, -1/13 HPs)
             Began as a Deep Elf Delver on Nov 8, 2023.
             Slain by a goblin
             ... wielding a +2 dagger of venom
              (2 damage)
             ... on level 2 of the Dungeon.
             The game lasted 00:02:58 (439 turns).

PurpleRed the Sneak (Deep Elf Delver)                Turns: 439, Time: 00:02:58

Health: -1/13      AC:  4    Str:  9    XL:     1   Next: 25%
Magic:  4/4        EV: 12    Int: 14    God:
Gold:   8          SH:  0    Dex: 16    Spells: 2/2 levels left

rFire   . . .        d - +0 dagger (venom)
rCold   . . .        (no shield)
rNeg    . . .        b - +0 leather armour
rPois   .            (no helmet)
rElec   .            (no cloak)
rCorr   .            (no gloves)
SInv    .            k - +0 pair of boots
Will    .....        (no amulet)
Stlth   +++          (no ring)
HPRegen 0.22/turn    (no ring)
MPRegen 0.09/turn

%: no passive effects
@: lethally poisoned (-1 -> -3)
A: no striking features
a: no special abilities


You were on level 2 of the Dungeon.
You visited 1 branch of the dungeon, and saw 5 of its levels.

You collected 8 gold pieces.

Inventory:

Hand Weapons
 a - a +0 short sword
 d - a +0 dagger of venom (weapon)
 i - a +0 long sword
Armour
 b - a +0 leather armour (worn)
 h - a +0 buckler
 k - a +0 pair of boots (worn)
Jewellery
 j - a ring of fire
Wands
 g - a wand of digging (3)
Scrolls
 c - 2 scrolls of fog
Potions
 f - a potion of haste


   Skills:
 - Level 2.4 Fighting
 - Level 2.0 Short Blades
 - Level 2.4 Dodging
 - Level 6.0 Stealth
 + Level 1.0 Spellcasting


You had 2 spell levels left.
You didn't know any spells.
Your spell library was empty.

Dungeon Overview and Level Annotations

Branches:
Dungeon (6/15)
 Temple: D:4-7

Altars:
Wu Jian

Shops:
D:5 =

Annotations:
D:5 Edmund


Message History

Magic restored.
Okay, then.
Found a runed dagger.
Found a stone staircase leading down.
Found a stone staircase leading down.
You see here a +0 dagger of venom.
d - a +0 dagger of venom Your +0 dagger of venom begins to drip with poison!
d - a +0 dagger of venom (weapon)
An orc comes into view. It is wielding a +0 short sword.
The orc shouts!
You hear a shout!
An orc wizard comes into view. It is wielding a +0 dagger.
Found 5 boomerangs.
Found a stone staircase leading up.
Found a mace.
Found a stone staircase leading up.
The orc wizard points at you and mumbles some strange words.
The magic dart hits you!
Ouch! That really hurt!
* * * LOW HITPOINT WARNING * * *
There is a stone staircase leading up here.
You climb upwards.
There is a stone staircase leading down here.
A goblin comes into view. It is wielding a +2 dagger of venom.
The rat misses you.
You closely miss the rat.
The goblin shouts!
The goblin attacks as it pursues you! The goblin hits you but does no damage.
You are lethally poisoned!
* * * LOW HITPOINT WARNING * * *
You feel sick.
Okay, then.
You closely miss the goblin.
* * * LOW HITPOINT WARNING * * *
You feel sick. The goblin closely misses you.
You hit the goblin but do no damage.
* * * LOW HITPOINT WARNING * * *
You feel sick.
The goblin hits you with a +2 dagger of venom.
You die...

## . #. ##
.# ##.##
.#....
#.#..#
#@#..#
#g#..#.#
#>r....#
#.....###
#.##.......
#. ..#..###
# ..###.#
... .# ####
##


You could see a goblin and a rat.

Vanquished Creatures
  An orc (D:3)
1 creature vanquished.

Notes
Turn   | Place    | Note
-------+----------+-------------------------------------------
     0 | D:5      | PurpleRed the Deep Elf Delver began the quest for the Orb.
     0 | D:5      | Reached XP level 1. HP: 13/13 MP: 3/3
     4 | D:5      | Found an ornate altar of the Wu Jian Council.
     5 | D:5      | Noticed Edmund
     5 | D:5      | Noticed a water moccasin
    14 | D:5      | Noticed an ice beast
    86 | D:6      | Noticed a steam dragon
   233 | D:6      | Noticed an orc wizard
   264 | D:6      | Noticed an orc priest
   291 | D:6      | Noticed a scorpion
   345 | D:5      | Found Cid Pourph's Jewellery Shop.
   373 | D:4      | Noticed an orc wizard
   384 | D:3      | Reached skill level 1 in Spellcasting
   410 | D:3      | Noticed an orc wizard
   439 | D:2      | Slain by a goblin

Illustrated notes

Levels and vault maps discovered:
D:2:      minmay_spotlight, layout_loops_ring, serial_shops,
          nicolae_shop_back_alley_shop, basic_altar, uniq_sigmund
D:3:      layout_rooms, serial_aquarium, aquarium_bridge_straight
          [aquarium_subvault_bridge, aquarium_subvault_wall,
          aquarium_subvault_bridge, aquarium_subvault_window],
          aquarium_window_2, aquarium_window_1, aquarium_window_1,
          aquarium_window_1, aquarium_view_2c, aquarium_view_2c, serial_shops,
          shop, kennysheep_generic_room_12
D:4:      minmay_general_purpose_star, layout_basic, hex_medium,
          guppyfry_shop_venom
D:5:      layout_loops_ring, mainiacjoe_overflow_small_starburst, serial_shops,
          shop, uniq_edmund, uniq_ijyb
D:6:      wad_guarded_room, layout_loops_ring, lemuel_temple_firewalk_b

Skill      XL: |  1 |
---------------+----+-----
Spellcasting   | 1 |  1.0
Fighting       | |  2.4
Short Blades   | |  2.0
Dodging        | |  2.4
Stealth        | |  6.0

Action                     || total
---------------------------++-------
  Melee: Short sword       ||     8
         Dagger            ||     3
    Use: Scroll            ||     2
 Armour: Leather armour    ||     7
  Dodge: Dodged            ||     3

Table legend: (Time is in decaauts)
 A = Elapsed time spent in this place.
 B = Non-inter-level travel time spent in this place.
 C = Inter-level travel time spent in this place.
 D = Time resting spent in this place.
 E = Time spent auto-exploring this place.
 F = Levels seen in this place.
 G = Mean time per level.
                   A        B        C        D        E       F      G
               +--------+--------+--------+--------+--------+-----+--------+
         Total |    437 |    437 |      0 |    110 |      0 |   5 |   87.4 |
       Dungeon |    437 |    437 |      0 |    110 |      0 |   5 |   87.4 |
               +--------+--------+--------+--------+--------+-----+--------+

Top non-repeatable levels by time:
     D:6: 276 daAuts
     D:5: 95 daAuts
     D:3: 53 daAuts
     D:2: 7 daAuts
     D:4: 4 daAuts
